 Dungeon Crawl Stone Soup version 0.26.0-16-gc1dbca0489 (webtiles) character file.

Game seed: 6833739384998609429

43 ragingrage the Sneak (level 3, -8/23 HPs)
             Began as a Gargoyle Delver on Jan 21, 2021.
             Shot with an arrow by a centaur (9 damage)
             ... on level 6 of the Dungeon.
             The game lasted 00:01:05 (356 turns).

ragingrage the Sneak (Gargoyle Delver)               Turns: 356, Time: 00:01:05

Health: -8/23      AC:  6    Str: 15    XL:     3   Next: 58%
Magic:  3/3        EV: 11    Int: 10    God:
Gold:   0          SH:  0    Dex: 12    Spells: 2/2 levels left

rFire    . . .     SeeInvis .   j - +1 scimitar (protect)
rCold    . . .     Faith    .   (no shield)
rNeg     + . .     Spirit   .   b - +0 leather armour
rPois    ∞         Reflect  .   (no helmet)
rElec    +         Harm     .   (no cloak)
rCorr    .         Rampage  .   (no gloves)
Will     .....                  (no boots)
Stlth    +++.......             (no amulet)
HPRegen  0.07/turn              (no ring)
MPRegen  0.08/turn              (no ring)

@: no status effects
A: negative energy resistance 1, electricity resistance, unbreathing,
petrification resistance, miasma immunity, AC +3
a: no special abilities


You were on level 6 of the Dungeon.
You visited 1 branch of the dungeon, and saw 4 of its levels.

Inventory:

Hand Weapons
 a - a +0 mace
 j - a +1 scimitar of protection (weapon)
Armour
 b - a +0 leather armour (worn)
Wands
 g - a wand of digging (3)
Scrolls
 c - a scroll of fog
 d - a scroll of magic mapping
 h - a scroll of teleportation {unknown}
 i - a scroll of remove curse {unknown}
Potions
 f - a potion of haste


   Skills:
 - Level 3.2 Fighting
 + Level 3.8 Maces & Flails
 - Level 1.5 Dodging
 - Level 5.4 Stealth


You had 2 spell levels left.
You didn't know any spells.
Your spell library was empty.

Dungeon Overview and Level Annotations

Branches:
Dungeon (7/15)
 Temple: D:4-7

Altars:

Annotations:
D:5 exclusion: downstairs
D:6 Blork the orc


Innate Abilities, Weirdness & Mutations

You are resistant to torment.
Your stone body is resilient. (AC +3)
You are immune to poison.
You resist negative energy. (rN+)
You are resistant to electric shocks. (rElec)
You can survive without breathing.
You are immune to petrification.
You are immune to miasma.


Message History

The orc wizard gestures wildly while chanting.
The orc wizard blinks!
Cornered, the orc priest turns to fight!
Found 14 gold pieces.
Found a scroll labelled DEN NOVORUVVO.
The centaur shouts!
The centaur wields a +0 shortbow.
The centaur shoots an arrow.
The arrow barely misses you.
You see here an arrow.
The centaur shoots an arrow.
The arrow closely misses you.
The centaur shoots an arrow.
The arrow closely misses you.
The centaur shoots an arrow.
The arrow hits you.
* * * LOW HITPOINT WARNING * * *
You see here an arrow.
The centaur shoots an arrow.
The arrow barely misses you.
The centaur shoots an arrow.
The arrow closely misses you.
Things that are here:
an arrow; a scroll labelled EFUKKO MAFIUP The centaur shoots an arrow.
The arrow hits you!
You die...

#...........#
#...........# .... #
..##...........##...##.#
.........c...............
..##...........##........
.. #...$.(..^............
?.#### .
########(......=......
......
#####...(..........
.../..
.........(@.........
......
#############.........
...h..
#<..................?.
...###
#############......... ..
#......... . #######+##


You could see a centaur.

Vanquished Creatures
  A hound (D:6)
  An adder (D:5)
  An adder zombie (D:5)
  A quokka (D:5)
4 creatures vanquished.

Notes
Turn   | Place    | Note
-------+----------+-------------------------------------------
     0 | D:5      | ragingrage the Gargoyle Delver began the quest for the Orb.
     0 | D:5      | Reached XP level 1. HP: 14/14 MP: 1/1
     3 | D:6      | Noticed Blork the orc
     3 | D:6      | Noticed a hound
    34 | D:6      | Noticed a centaur
   235 | D:5      | Reached XP level 2. HP: 15/19 MP: 2/2
   312 | D:4      | You fall into a shaft and drop 3 floors!
   334 | D:6      | Reached XP level 3. HP: 8/23 MP: 3/3
   334 | D:6      | Noticed an orc warrior
   352 | D:6      | HP: 1/23 [centaur/arrow (6)]
   356 | D:6      | Shot with an arrow by a centaur

Illustrated notes

Levels and vault maps discovered:
D:4:      layout_basic, minmay_temple_entry_slanted
D:5:      layout_rooms, grunt_temple_overflow_open
D:6:      layout_basic, zin_academy, uniq_edmund, uniq_blork_the_orc
D:7:      layout_rooms, general_overflow_altar, minivault_23

Skill      XL: |  1 |
---------------+----+-----
Maces & Flails | 3 |  3.8
Fighting       | |  3.2
Dodging        | |  1.5
Stealth        | |  5.4

Action                   || total
-------------------------++-------
Melee: Mace              ||    16
       Scimitar          ||     1
  Use: Scroll            ||     1
Armor: Leather armour    ||    11
Dodge: Dodged            ||    21
       Rpst.: Scimitar   ||     4
